 Dungeon Crawl Stone Soup version 0.19.5 (webtiles) character file.

4129 joaoluisp the Cleaver (level 10, -1/92 HPs)
             Began as a Minotaur Berserker on May 16, 2017.
             Was a Priest of Trog.
             Slain by a killer bee (10 damage)
             ... on level 8 of the Dungeon.
             The game lasted 00:27:07 (5678 turns).

joaoluisp the Cleaver (Minotaur Berserker)          Turns: 5678, Time: 00:27:08

Health: -1/92      AC: 14    Str: 23    XL:     10   Next: 6%
Magic:  12/12      EV: 11    Int:  4    God:    Trog [***...]
Gold:   285        SH:  0    Dex: 12    Spells: 0 memorised, 13 levels left

rFire  + . .     SeeInvis .     E - +2 halberd (venom)
rCold  . . .     Gourm    .     b - +3 chain mail "Tecvea Buce" {+Fly Stlth+}
rNeg   . . .     Faith    .     (shield currently unavailable)
rPois  .         Spirit   .     (helmet restricted)
rElec  .         Reflect  .     (no cloak)
rCorr  +         Harm     .     (no gloves)
MR     .....                    (no boots)
Stlth  ..........               D - amulet of magic regeneration
                                h - ring of resist corrosion
                                J - ring of protection from fire

@: lethally poisoned (-1 -> -11), exhausted, very slightly contaminated, slowed,
very slow
A: retaliatory headbutt, horns 2
a: Berserk, Trog's Hand, Burn Spellbooks, Renounce Religion, Evoke Flight


You were on level 8 of the Dungeon.
You worshipped Trog.
Trog was most pleased with you.
You were very hungry.

You visited 1 branch of the dungeon, and saw 8 of its levels.

You collected 285 gold pieces.

Inventory:

Hand Weapons
 a - a +1 hand axe
 g - a +3 hand axe
 t - a +0 spear
 E - a +2 halberd of venom (weapon)
 I - a +0 hand crossbow
Missiles
 H - 48 bolts
Armour
 b - the +3 chain mail "Tecvea Buce" (worn) {+Fly Stlth+}
   (You found it on level 6 of the Dungeon)

   It lets you fly.
   It makes you more stealthy.
 s - a +4 ring mail
 C - a +0 plate armour
Jewellery
 h - a ring of resist corrosion (right hand)
 u - a +3 ring of intelligence
 y - a +2 ring of intelligence
 D - an amulet of magic regeneration (around neck)
 J - a ring of protection from fire (left hand)
 L - an uncursed amulet of magic regeneration
Wands
 n - a wand of iceblast (3/15)
Scrolls
 d - 2 scrolls of recharging
 e - 7 scrolls of remove curse
 k - 2 scrolls of enchant weapon
 p - 4 scrolls of noise
 x - a scroll of blinking
 F - 4 scrolls of identify
 K - a scroll of immolation {unknown}
Potions
 i - a potion of heal wounds
 j - a potion of flight {unknown}
 l - a potion of invisibility
 o - a potion of beneficial mutation {unknown}
 r - 2 potions of curing
 w - a potion of mutation
 z - a potion of lignification {unknown}
 A - 2 potions of brilliance {unknown}
 G - a potion of resistance {unknown}
Comestibles
 c - 4 bread rations
 f - 6 meat rations
 m - 2 slices of pizza
 v - 2 beef jerkies
 B - 2 fruits


   Skills:
 + Level 9.7 Fighting
 + Level 10.8(11.4) Axes
 + Level 5.8(9.1) Polearms
 + Level 4.6 Throwing
 * Level 8.7 Armour
 + Level 6.7 Dodging
 - Level 2.5 Stealth
 + Level 5.0 Unarmed Combat
 + Level 2.2 Spellcasting
 + Level 3.1 Evocations


You had 13 spell levels left.
You didn't know any spells.

Dungeon Overview and Level Annotations

Branches:
Dungeon (8/15)             Temple (0/1) D:5
   Lair: D:8-11

Altars:
Gozag
Hepliaklqana
Makhleb
Okawaru
Ru
Sif Muna
Zin


Innate Abilities, Weirdness & Mutations

You reflexively headbutt those who attack you in melee.
You have a pair of horns on your head.


Message History

* * * LOW HITPOINT WARNING * * *
The killer bee stings you but does no damage.
The killer bee completely misses you. The killer bee stings you!
* * * LOW HITPOINT WARNING * * *
The orc wizard misses you. The killer bee closely misses you.
The queen bee calls on the killer bee to defend it!
The killer bee goes berserk!
The killer bee closely misses you.
The killer bee stings you but does no damage.
A necrophage comes into view.
You feel much better.
You feel sick. The killer bee closely misses you.
The killer bee stings you but does no damage. x2
The killer bee stings you!
* * * LOW HITPOINT WARNING * * *
The killer bee stings you.
* * * LOW HITPOINT WARNING * * *
You are lethally poisoned!
The killer bee poisons you!
The killer bee stings you but does no damage.
The killer bee stings you!
You die...

#.# #.. #... #..####.#
###...
#...?..######...#.
#.###.............
#................. #
####n..#............
...##...)..#..........##
.......)y.............#
......o@yy..............
......yyy.......######..
.......y....#...# ..
.................# ..
............#..#..
..................
.............#..
...#..........


You could see a queen bee, a necrophage, 6 killer bees and an orc wizard.

Vanquished Creatures
  Duvessa (D:4)
  A phantom (D:7)
  An orc warrior (D:6)
  An ogre (D:6)
  A centaur (D:6)
  A big kobold (D:7)
  3 bullfrogs
  Dowan (D:4)
  A scorpion (D:6)
  A killer bee (D:8)
  3 wights (D:7)
  4 howler monkeys
  3 crimson imps
  A bullfrog skeleton (D:4)
  2 orc priests
  3 hounds
  5 orc wizards
  A centaur skeleton (D:6)
  4 iguanas
  Natasha (twice) (D:4)
  5 worker ants
  A hound skeleton (D:6)
  2 worker ant zombies
  11 gnolls
  13 adders
  3 worms
  3 dart slugs
  5 leopard geckos
  23 orcs
  7 bats
  4 goblins
  3 hobgoblins
  24 jackals
  5 kobolds
  5 quokkas
  A ball python (D:3)
  3 frilled lizards
  A jackal skeleton (D:4)
  A leopard gecko skeleton (D:6)
  4 rats
164 creatures vanquished.

Notes
Turn   | Place    | Note
-------+----------+-------------------------------------------
     0 | D:1      | joaoluisp the Minotaur Berserker began the quest for the Orb.
     0 | D:1      | Reached XP level 1. HP: 19/19 MP: 0/0
   142 | D:1      | Reached skill level 4 in Axes
   147 | D:1      | Reached XP level 2. HP: 9/27 MP: 1/1
   621 | D:2      | Reached ** piety under Trog
   621 | D:2      | Reached XP level 3. HP: 33/33 MP: 2/2
   820 | D:2      | Reached XP level 4. HP: 32/41 MP: 3/3
  1487 | D:3      | Reached skill level 5 in Axes
  1902 | D:3      | Reached XP level 5. HP: 45/47 MP: 4/4
  1947 | D:3      | Reached skill level 5 in Fighting
  2140 | D:3      | Found an opulent altar of Gozag.
  2140 | D:3      | Found a glowing silver altar of Zin.
  2225 | D:4      | Noticed Dowan
  2226 | D:4      | Noticed Duvessa
  2236 | D:4      | Killed Duvessa
  2236 | D:4      | Reached skill level 6 in Axes
  2236 | D:4      | Reached XP level 6. HP: 56/56 MP: 5/5
  2240 | D:4      | Killed Dowan
  2365 | D:4      | Reached *** piety under Trog
  2809 | D:4      | Reached XP level 7. HP: 54/61 MP: 6/6
  2822 | D:4      | Noticed Natasha
  2831 | D:4      | Killed Natasha
  2861 | D:4      | Noticed Natasha
  2873 | D:4      | Killed Natasha
  2875 | D:4      | Reached skill level 7 in Axes
  3050 | D:5      | Entered Level 5 of the Dungeon
  3126 | D:5      | Reached skill level 9 in Axes
  3126 | D:5      | Reached skill level 5 in Dodging
  3126 | D:5      | Reached XP level 8. HP: 75/75 MP: 6/10
  3348 | D:5      | Found a sacrificial altar of Ru.
  3409 | D:5      | Found a staircase to the Ecumenical Temple.
  3479 | D:5      | Reached skill level 10 in Axes
  3479 | D:5      | Reached skill level 5 in Polearms
  3479 | D:5      | Reached skill level 5 in Unarmed Combat
  3479 | D:5      | Reached XP level 9. HP: 83/83 MP: 11/11
  3754 | D:5      | Found a burning altar of Makhleb.
  4317 | D:6      | Got a pitted chain mail
  4328 | D:6      | Identified the +3 chain mail "Tecvea Buce" {+Fly Stlth+} (You found it on level 6 of the Dungeon)
  5272 | D:7      | Found a hazy altar of Hepliaklqana.
  5273 | D:7      | Found an iron altar of Okawaru.
  5451 | D:7      | Reached XP level 10. HP: 92/92 MP: 12/12
  5573 | D:8      | Found a deep blue altar of Sif Muna.
  5677 | D:8      | HP: 3/92 [killer bee (7)]
  5678 | D:8      | Slain by a killer bee

Skill      XL: |  1  2  3  4  5  6  7  8 |
---------------+-------------------------+-----
Axes           | 4 5 6 9 10 | 10.8
Fighting       | 4 5 8 9 |  9.7
Dodging        | 3 5 6 |  6.7
Armour         | 3 4 6 8 |  8.7
Polearms       | 4 5 |  5.8
Throwing       | 3 4 |  4.6
Unarmed Combat | 3 5 |  5.0
Spellcasting   | 2 |  2.2
Evocations     | 3 |  3.1
Stealth        | 2 |  2.5

Action                   |  1- 3 |  4- 6 |  7- 9 | 10-12 || total
-------------------------+-------+-------+-------+-------++-------
Melee: Hand axe          |    48 |   155 |   125 |       ||   328
       Headbutt          |    10 |    27 |    39 |     2 ||    78
       Halberd           |       |       |    55 |    16 ||    71
Invok: Berserk           |       |     2 |     3 |     1 ||     6
       Burn Spellbooks   |       |       |     1 |       ||     1
  Use: Scroll            |     3 |     8 |     5 |       ||    16
       Potion            |       |       |     3 |     2 ||     5
 Stab: Sleeping          |     1 |       |       |       ||     1
  Eat: Chunk             |       |     8 |    10 |     1 ||    19
       Fruit             |       |       |       |     1 ||     1
Armor: Animal skin       |     4 |       |       |       ||     4
       Robe              |     5 |     5 |       |       ||    10
       Ring mail         |       |    44 |    25 |       ||    69
       Chain mail        |       |       |    32 |    46 ||    78
       Plate armour      |       |       |    13 |       ||    13
Dodge: Dodged            |    43 |    99 |   105 |    50 ||   297
